 Dungeon Crawl Stone Soup version 0.30-a0-1114-gd936c97349 (webtiles) character file.

Game seed: 8181828263354115989

231 lunkers the Magician (level 6, -10/45 HPs)
             Began as a Meteoran Wanderer on Apr 20, 2023.
             Was an Initiate of Sif Muna.
             Mangled by an ogre
             ... wielding a +0 giant spiked club
              (33 damage)
             ... on level 5 of the Dungeon.
             The game lasted 00:06:18 (1493 turns).

lunkers the Magician (Meteoran Wanderer)            Turns: 1493, Time: 00:06:19

Health: -10/45     AC:  5    Str: 13    XL:     6   Next: 50%
Magic:  11/15      EV: 10    Int: 16    God:    Sif Muna [......]
Gold:   160        SH:  5    Dex: 14    Spells: 15/16 levels left

rFire   . . .      SeeInvis .    i - +1 dagger (protect)
rCold   . . .      Faith    .    d - +0 buckler
rNeg    . . .      Spirit   .    c - +0 robe
rPois   .          Reflect  .    k - +2 helmet
rElec   .          Rampage  .    (no cloak)
rCorr   .                        (no gloves)
Will    .....                    (no boots)
Stlth   +                        (no amulet)
HPRegen 0.27/turn                (no ring)
MPRegen 0.14/turn                (no ring)

@: glowing, fire susceptible
A: sense surroundings 1, otherworldly, glowing, explore regen
a: Renounce Religion


You were on level 5 of the Dungeon.
You worshipped Sif Muna.
Sif Muna was noncommittal.
You visited 1 branch of the dungeon, and saw 5 of its levels.

You collected 160 gold pieces.

Inventory:

Hand Weapons
 a - a +0 dagger
 i - a +1 dagger of protection (weapon)
Missiles
 r - 4 throwing nets
Armour
 c - a +0 robe (worn)
 d - a +0 buckler (worn)
 k - a +2 helmet (worn)
Wands
 j - a wand of flame (19)
 x - a wand of charming (14)
Scrolls
 g - a scroll of silence {unknown}
 h - a scroll of amnesia {unknown}
 o - a scroll of blinking {unknown}
 s - a scroll of teleportation {unknown}
 u - a scroll of vulnerability {unknown}
 v - a scroll of fear {unknown}
Potions
 b - 3 potions of attraction
 e - a potion of berserk rage {unknown}
 f - 2 potions of heal wounds
 l - 6 potions of flight
 m - a potion of resistance
 n - a potion of curing
 p - a potion of haste {unknown}
 q - a potion of lignification {unknown}
 t - a potion of brilliance {unknown}
 w - a potion of ambrosia {unknown}


   Skills:
 - Level 3.6 Shields
 - Level 5.9 Spellcasting
 * Level 5.3 Conjurations
 * Level 3.2 Fire Magic
 - Level 1.2 Evocations


You had 15 spell levels left.
You knew the following spells:

 Your Spells              Type           Power      Damage    Failure   Level
p - Foxfire               Conj/Fire      72%        2x1d7     3%          1

Your spell library contained the following spells:

 Spells                   Type           Power      Damage    Failure   Level
 Necrotise                Necr           16%        1d4       19%         1
 Slow                     Hex            16%        N/A       19%         1
 Sting                    Tmut/Pois      16%        1d3       19%         1
 Dazzling Flash           Conj/Hex       26%        N/A       19%         3
 Hailstorm                Conj/Ice       13%        3d5       19%         3
 Confusing Touch          Hex            4%         N/A       50%         3
 Portal Projectile        Hex/Tloc       8%         N/A       50%         3
 Vampiric Draining        Necr           4%         2d6       50%         3
 Agony                    Necr           4%         N/A       99%         5


Dungeon Overview and Level Annotations

Branches:
Dungeon (5/15) Zot: 1502
 Temple: D:4-7

Altars:
Ru
Sif Muna
Trog
Uskayaw
Ignis


Innate Abilities, Weirdness & Mutations

You passively map a small area around you.
You are easily found by Zot.
You glow in the dark.
You regain HP and MP as you explore.


Message History

An ogre comes into view. It is wielding a +0 giant spiked club.
Found a quarterstaff.
Found a hide-covered altar of Uskayaw.
The ogre shouts!
You conjure some foxfire!
The orc hits you from afar with a +0 trident.
You conjure some foxfire!
The foxfire hits the orc.
The orc is moderately wounded.
The foxfire hits the orc.
The orc is almost dead.
You block the orc's attack.
You conjure some foxfire!
The foxfire hits the orc but does no damage.
The orc is almost dead.
The foxfire hits the orc!
You kill the orc!
Sif Muna accepts your kill.
You hit the ogre.
Your weapon exudes an aura of protection.
The ogre is moderately wounded.
The foxfire hits the ogre.
The ogre is moderately wounded.
The foxfire hits the ogre.
The ogre is heavily wounded.
The ogre hits you with a +0 giant spiked club!!
* * * LOW HITPOINT WARNING * * *
Casting: Foxfire (safe; 3% risk of failure)
Press: ? - help, Q - select action, (/) - cycle Dir - look around, f - activate You conjure some foxfire!
Unknown command.
Unknown command.
Casting: Foxfire (safe; 3% risk of failure)
Press: ? - help, Q - select action, (/) - cycle Dir - look around, f - activate You conjure some foxfire!
The foxfire hits the ogre but does no damage.
The ogre is heavily wounded.
The foxfire hits the ogre but does no damage.
The ogre is heavily wounded.
The ogre hits you with a +0 giant spiked club!!
Ouch! That really hurt!
You die...

* , ** , * * ,P. , * *
, , ... , **
#######... ##########
#......._. , ,
#........# #.......).
#.######.# #.v.).....
, #.#....#.#
#v@O....P. #.#....#.#
##......P.
#.#..#.#.#####.####.P.
#.#..........#.# .
#.#........#.#.# *,
#.#....#.#..<#.# ,,
#.#....#.###.#.# ,
#.##.#.#.....#.# *
#....#.#######.# *


You could see an ogre (ally target).

Vanquished Creatures
  A howler monkey (D:4)
  A hound (D:4)
  A sleepcap (D:4)
  An iguana (D:4)
  Robin (D:2)
  3 adders
  A worm (D:2)
  A dart slug (D:4)
  2 orcs
  4 endoplasms
  3 giant cockroaches
  13 goblins
  8 hobgoblins
  5 jackals
  3 quokkas
  6 ball pythons
  3 bats
  3 frilled lizards
  5 kobolds
  2 rats (D:2)
67 creatures vanquished.

Vanquished Creatures (others)
  246 foxfires
246 creatures vanquished.

Grand Total: 313 creatures vanquished

Notes
Turn   | Place    | Note
-------+----------+-------------------------------------------
     0 | D:1      | lunkers the Meteoran Wanderer began the quest for the Orb.
     0 | D:1      | lunkers set off with the following items: a +0 dagger, a
                  | potion of attraction, a +0 robe, a +0 buckler; and the
                  | following spells available to memorise: Foxfire, Sting,
                  | Dazzling Flash, Hailstorm, Portal Projectile.
     0 | D:1      | Reached XP level 1. HP: 14/14 MP: 7/7
     2 | D:1      | Learned a level 1 spell: Foxfire
    96 | D:1      | Reached XP level 2. HP: 20/20 MP: 9/9
   271 | D:1      | Reached XP level 3. HP: 18/26 MP: 8/11
   433 | D:2      | Reached XP level 4. HP: 33/33 MP: 3/12
   437 | D:2      | Noticed Robin
   509 | D:2      | Killed Robin
   729 | D:3      | Found a faded altar of an unknown god.
   737 | D:3      | Prayed at the altar of an unknown god.
   737 | D:3      | Became a worshipper of Ignis, the Dying Flame
   786 | D:3      | Found a bloodstained altar of Trog.
   900 | D:3      | Found a shimmering blue altar of Sif Muna.
   933 | D:3      | Fell from the grace of Ignis
   933 | D:3      | Became a worshipper of Sif Muna the Loreminder
  1082 | D:4      | Found a sacrificial altar of Ru.
  1102 | D:4      | Reached XP level 5. HP: 38/38 MP: 10/14
  1158 | D:4      | Reached skill level 1 in Fire Magic
  1313 | D:4      | Reached skill level 5 in Conjurations
  1313 | D:4      | Reached XP level 6. HP: 44/45 MP: 12/15
  1434 | D:5      | Entered Level 5 of the Dungeon
  1485 | D:5      | Found a hide-covered altar of Uskayaw.
  1485 | D:5      | Noticed an ogre
  1493 | D:5      | Mangled by an ogre

Illustrated notes

Levels and vault maps discovered:
D:1:      minmay_arrival_split_and_join, layout_loops_ring, minmay_crystal_room,
          bh_walls_and_bars
D:2:      layout_rooms, uniq_robin
D:3:      layout_loops_ring, trog_hazing_becter, mainiacjoe_overflow_brackets,
          shapermc_ecumenical_altar_starsandcircs, supply_closet_lemuel
D:4:      layout_gridville, hangedman_ru_absence
D:5:      layout_basic, mainiacjoe_overflow_boulevard, abandoned_shop

Skill      XL: |  1  2  3  4  5  6 |
---------------+-------------------+-----
Conjurations   | 2 3 4 5 |  5.3
Fire Magic     | 2 3 |  3.2
Shields        | |  3.6
Spellcasting   | |  5.9
Evocations     | |  1.2

Action                     |  1- 3 |  4- 6 || total
---------------------------+-------+-------++-------
  Melee: Dagger            |     4 |    47 ||    51
   Cast: Foxfire           |    47 |    99 ||   146
    Use: Scroll            |       |     4 ||     4
 Armour: Robe              |     5 |    37 ||    42
  Dodge: Dodged            |     6 |    32 ||    38
  Block: Buckler           |     8 |    16 ||    24

Table legend: (Time is in decaauts)
 A = Elapsed time spent in this place.
 B = Non-inter-level travel time spent in this place.
 C = Inter-level travel time spent in this place.
 D = Time resting spent in this place.
 E = Time spent auto-exploring this place.
 F = Levels seen in this place.
 G = Mean time per level.
                   A        B        C        D        E       F      G
               +--------+--------+--------+--------+--------+-----+--------+
         Total |   1497 |   1478 |     19 |      0 |    968 |   5 |  299.4 |
       Dungeon |   1497 |   1478 |     19 |      0 |    968 |   5 |  299.4 |
               +--------+--------+--------+--------+--------+-----+--------+

Top non-repeatable levels by time:
     D:4: 458 daAuts
     D:2: 371 daAuts
     D:1: 318 daAuts
     D:3: 289 daAuts
     D:5: 58 daAuts
